 Dungeon Crawl Stone Soup version 0.20.1-1-g8b1a95d (console) character file.

6843 hilaritas the Grappler (level 10, -1/98 HPs)
             Began as a Troll Fighter on Dec 3, 2017.
             Was a Priest of Uskayaw.
             Slain by a two-headed ogre
             ... wielding a cursed +0 giant club
              (19 damage)
             ... on level 9 of the Dungeon.
             The game lasted 00:19:50 (7937 turns).

hilaritas the Grappler (Troll Fighter)              Turns: 7937, Time: 00:19:52

Health: -1/98      AC:  8    Str: 27    XL:     10   Next: 78%
Magic:  12/13      EV: 10    Int:  6    God:    Uskayaw [***...]
Gold:   508        SH: 12    Dex:  9    Spells: 9/9 levels left

rFire    . . .     SeeInvis .     - Unarmed
rCold    . . .     Gourm    +   b - +1 shield
rNeg     . . .     Faith    .   y - +2 robe {MR+}
rPois    +         Spirit   .   (helmet restricted)
rElec    .         Reflect  .   I - +0 cloak
rCorr    .         Harm     .   (gloves unavailable)
MR       ++...                  (boots unavailable)
Stlth    +.........             (no amulet)
Regen    0.7/turn               c - ring of poison resistance
MPRegen  0.2/turn               P - ring of protection from magic

@: no status effects
A: unfitting armour, claws 3, fast metabolism 3, gourmand, regeneration 1,
shaggy fur 1, tough skin 2
a: Stomp, Line Pass, Renounce Religion


You were on level 9 of the Dungeon.
You worshipped Uskayaw.
Uskayaw was noncommittal.
You were very full.

You visited 2 branches of the dungeon, and saw 10 of its levels.
You also visited: Sewer.

You collected 508 gold pieces.

Inventory:

Hand Weapons
 r - a +3 flail of protection
Missiles
 l - 3 large rocks (quivered)
Armour
 b - a +1 shield (worn)
 y - a +2 robe of magic resistance (worn)
 I - a +0 cloak (worn)
Jewellery
 c - a ring of poison resistance (left claw)
 h - an uncursed ring of stealth
 p - an uncursed amulet of magic regeneration
 q - a +1 ring of evasion
 t - an uncursed ring of wizardry
 x - an uncursed ring of ice
 A - an uncursed ring of protection from cold
 P - a ring of protection from magic (right claw)
Wands
 f - a wand of random effects (16/48)
 o - a wand of confusion (13/48)
 u - a wand of digging (24/24)
 v - a wand of confusion (26/48)
 C - a wand of digging (9/24)
 F - a wand of confusion (11/48)
 K - a wand of confusion (25/48)
Scrolls
 a - 2 scrolls of remove curse
 e - 2 scrolls of magic mapping
 j - 5 scrolls of identify
 s - 2 scrolls of teleportation
 B - a scroll of enchant armour
 D - 2 scrolls of blinking
 G - a scroll of amnesia
 N - 2 scrolls of fog
Potions
 g - 2 potions of mutation
 k - a potion of curing
 m - a potion of agility
 n - 2 potions of flight
 w - a potion of cancellation {unknown}
 E - a potion of haste {unknown}
 J - a potion of brilliance {unknown}
 L - a potion of ambrosia {unknown}
Comestibles
 d - 6 bread rations
 i - 7 royal jellies
 z - 3 meat rations
 O - a fruit


   Skills:
 * Level 6.0 Fighting
 * Level 3.6 Armour
 - Level 2.4 Dodging
 + Level 7.8 Shields
 - Level 10.0 Unarmed Combat
 * Level 5.3 Invocations


You had 9 spell levels left.
You didn't know any spells.

Dungeon Overview and Level Annotations

Branches:
Dungeon (9/15)             Temple (1/1) D:4
   Lair: D:8-11         Orc: D:9-12

Altars:
Ashenzari
Cheibriados
Dithmenos
Elyvilon
Gozag
Hepliaklqana
Kikubaaqudgha
Nemelex Xobeh
Okawaru
Qazlal
Ru
Sif Muna
Trog
Uskayaw
Vehumet

Shops:
D:7 (


Innate Abilities, Weirdness & Mutations

You are too large for most types of armour.
You have claws for hands.
Your metabolism is lightning-fast.
You like to eat raw meat.
Your natural rate of healing is unusually fast.
You are covered in fur. (AC +1)
You have very tough skin. (AC +2)


Message History

You closely miss something. You block something's attack.
You claw something!
Reactivating autopickup.
You feel a bit more experienced.
You scratch the worker ant zombie.
The worker ant zombie is moderately damaged.
The worker ant zombie bites you but does no damage.
Uskayaw will force your foes to helplessly watch your dance.
Uskayaw prepares the audience for your solo!
The helpless worker ant zombie fails to defend itself.
You mangle the worker ant zombie!!
You destroy the worker ant zombie!
The orc is no longer paralysed. x2; The orc priest is no longer paralysed.
The orc warrior is no longer paralysed.
The two-headed ogre is no longer paralysed.
The orc priest invokes the aid of Beogh against you.
Beogh smites you!
* * * LOW HITPOINT WARNING * * *
The two-headed ogre hits you with a giant club!!
You die...

##.#..# ##.#..#######
.#.#.........
.....<########
...).........#
#............#
#............#
#............#
#............# #######
#...........o#####.......
#.>.........oooO@........
#...........o#####.......
.........o#### .#.#...
..........# .[ .. #
≈≈≈≈≈≈8...# .#. ##
≈≈≈≈≈8≈..Z# ...#
###'.≈≈o..# .# #
..o#.≈≈.o.# .# ..
##≈≈..## . O....# ##≈≈..#


You could see a two-headed ogre, an orc warrior, an orc priest and 4 orcs.

Vanquished Creatures
  A slime creature (D:8)
  Joseph (D:8)
  2 rust devils (D:7)
  Grinder (D:3)
  Prince Ribbit (D:6)
  A hippogriff (D:7)
  The ghost of soepske the Shield-Bearer, an amateur FoFi (Sewer)
  6 orc warriors
  2 ice beasts (D:8)
  A sky beast (D:8)
  The ghost of Anon1729 the Chopper, an amateur DDCK of Xom (D:3)
  A necrophage (D:7)
  7 ogres
  A crocodile (Sewer)
  2 centaurs
  5 big kobolds (D:8)
  2 bullfrogs (D:8)
  4 scorpions
  16 killer bees
  2 howler monkeys
  An electric eel (D:9)
  2 jellies (D:8)
  2 crimson imps
  A gnoll shaman (D:7)
  9 orc priests
  4 hounds
  8 orc wizards
  Terence (D:3)
  2 iguanas
  4 worker ants
  A hound skeleton (D:8)
  2 worker ant zombies
  3 gnolls (D:7)
  A howler monkey skeleton (D:4)
  9 adders
  2 shadow imps
  7 oozes
  An adder skeleton (D:8)
  An adder zombie (D:7)
  3 worms
  3 dart slugs
  7 leopard geckos
  37 orcs
  4 giant cockroaches
  9 goblins
  6 hobgoblins
  14 jackals
  8 quokkas
  2 ball pythons
  A ball python skeleton (D:4)
  6 bats
  A frilled lizard (D:1)
  A jackal zombie (D:6)
  19 kobolds
  A leopard gecko skeleton (D:4)
  A leopard gecko zombie (D:7)
  A quokka skeleton (D:5)
  4 rats
247 creatures vanquished.

Vanquished Creatures (others)
  2 fungi (D:8)
  9 toadstools (D:8)
11 creatures vanquished.

Grand Total: 258 creatures vanquished

Notes
Turn   | Place    | Note
-------+----------+-------------------------------------------
     0 | D:1      | hilaritas the Troll Fighter began the quest for the Orb.
     0 | D:1      | Reached XP level 1. HP: 22/22 MP: 0/0
   175 | D:1      | Reached XP level 2. HP: 29/29 MP: 1/1
   558 | D:2      | Reached XP level 3. HP: 36/36 MP: 2/2
  1010 | D:2      | Reached skill level 3 in Unarmed Combat
  1314 | D:3      | Noticed Terence
  1323 | D:3      | Killed Terence
  1323 | D:3      | Reached XP level 4. HP: 22/44 MP: 3/3
  1388 | D:3      | Reached skill level 4 in Unarmed Combat
  1472 | D:3      | Noticed Anon1729's ghost (amateur DDCK)
  1501 | D:3      | Killed Anon1729's ghost
  1501 | D:3      | Reached XP level 5. HP: 7/53 MP: 4/4
  1673 | D:3      | Reached skill level 5 in Unarmed Combat
  1849 | D:3      | Noticed Grinder
  1858 | D:3      | Killed Grinder
  1858 | D:3      | Reached skill level 6 in Unarmed Combat
  1858 | D:3      | Reached XP level 6. HP: 37/61 MP: 5/5
  1965 | D:3      | Found a faded altar of an unknown god.
  2245 | D:4      | Found an opulent altar of Gozag.
  2275 | D:4      | Found a radiant altar of Vehumet.
  2350 | D:4      | Found a glowing drain.
  2362 | Sewer    | Entered a sewer
  2375 | Sewer    | Noticed soepske's ghost (amateur FoFi)
  2387 | Sewer    | Killed soepske's ghost
  2387 | Sewer    | Reached XP level 7. HP: 46/67 MP: 6/6
  2464 | Sewer    | Reached skill level 7 in Unarmed Combat
  2651 | D:4      | Found a staircase to the Ecumenical Temple.
  2659 | Temple   | Entered the Ecumenical Temple
  2762 | Temple   | Became a worshipper of Uskayaw the Reveler
  2839 | D:4      | Reached * piety under Uskayaw
  2914 | D:4      | Reached ** piety under Uskayaw
  3014 | D:4      | Reached *** piety under Uskayaw
  3054 | D:4      | Found a shadowy altar of Dithmenos.
  3417 | D:5      | Entered Level 5 of the Dungeon
  3463 | D:5      | Reached skill level 1 in Invocations
  3525 | D:5      | Found a snail-covered altar of Cheibriados.
  3562 | D:5      | Reached XP level 8. HP: 75/75 MP: 7/7
  3643 | D:5      | Reached skill level 8 in Unarmed Combat
  4417 | D:6      | Found a sparkling altar of Nemelex Xobeh.
  4460 | D:6      | Reached skill level 9 in Unarmed Combat
  4470 | D:6      | Found an ancient bone altar of Kikubaaqudgha.
  4478 | D:6      | Found a sacrificial altar of Ru.
  4481 | D:6      | Found an opulent altar of Gozag.
  4482 | D:6      | Found a stormy altar of Qazlal.
  4529 | D:6      | Reached **** piety under Uskayaw
  4534 | D:6      | Reached ***** piety under Uskayaw
  4753 | D:6      | Noticed Prince Ribbit
  4758 | D:6      | Killed Prince Ribbit
  4758 | D:6      | Reached skill level 5 in Shields
  4758 | D:6      | Reached XP level 9. HP: 53/84 MP: 9/9
  4829 | D:6      | Found an ancient bone altar of Kikubaaqudgha.
  5354 | D:7      | Found Ufeto's Weapon Shop.
  5433 | D:7      | Found a white marble altar of Elyvilon.
  5454 | D:7      | Reached skill level 10 in Unarmed Combat
  5685 | D:7      | Reached skill level 1 in Armour
  6784 | D:8      | Reached XP level 10. HP: 91/94 MP: 12/12
  6864 | D:8      | Noticed Joseph
  6895 | D:8      | Killed Joseph
  6895 | D:8      | Reached skill level 5 in Fighting
  7003 | D:7      | Noticed a rust devil
  7003 | D:7      | Noticed a rust devil
  7141 | D:7      | Killed a rust devil
  7146 | D:7      | Killed a rust devil
  7317 | D:8      | Reached skill level 5 in Invocations
  7514 | D:8      | Found an iron altar of Okawaru.
  7909 | D:9      | Noticed a two-headed ogre
  7937 | D:9      | Slain by a two-headed ogre

Skill      XL: |  1  2  3  4  5  6  7  8  9 10 |
---------------+-------------------------------+-----
Unarmed Combat | 3 4 6 7 9 10 | 10.0
Fighting       | 3 4 6 |  6.0
Shields        | 3 4 5 6 7 |  7.8
Invocations    | 1 2 4 5 |  5.3
Armour         | 2 3 |  3.6
Dodging        | |  2.4

Action                   |  1- 3 |  4- 6 |  7- 9 | 10-12 || total
-------------------------+-------+-------+-------+-------++-------
Melee: Unarmed           |    90 |   128 |   396 |   166 ||   780
Throw: Large rock        |       |       |     2 |       ||     2
Invok: Stomp             |       |       |     3 |     1 ||     4
  Use: Scroll            |       |     8 |    10 |     2 ||    20
       Potion            |       |       |       |     6 ||     6
 Stab: Sleeping          |       |       |     1 |       ||     1
       Paralysed         |       |       |    11 |    16 ||    27
  Eat: Chunk             |    17 |    10 |    40 |    12 ||    79
Armor: Robe              |    17 |    39 |   101 |    22 ||   179
Dodge: Dodged            |    16 |    16 |   109 |    35 ||   176
Block: Shield            |    37 |    52 |   223 |    79 ||   391
